 Dungeon Crawl Stone Soup version 0.28.0 (webtiles) character file.

Game seed: 18356409606965886448

464 themarg the Protected (level 7, -2/56 HPs)
             Began as a Gnoll Wanderer on Feb 5, 2022.
             Was an Initiate of Gozag.
             Killed by divine providence
             ... invoked by an orc priest
              (11 damage)
             ... on level 5 of the Dungeon.
             The game lasted 00:24:14 (3848 turns).

themarg the Protected (Gnoll Wanderer)              Turns: 3848, Time: 00:24:15

Health: -2/56      AC: 13    Str: 10    XL:     7   Next: 7%
Magic:  10/10      EV:  9    Int: 12    God:    Gozag
Gold:   468        SH:  0    Dex: 14    Spells: 10/10 levels left

rFire   x . .      SeeInvis .   k - +1 mace (drain)
rCold   + . .      Faith    .   (no shield)
rNeg    . . .      Spirit   .   b - +2 scale mail
rPois   .          Reflect  .   d - +0 helmet
rElec   .          Harm     .   (no cloak)
rCorr   .          Rampage  .   e - +0 pair of gloves
Will    .....                   (no boots)
Stlth   +.........              (no amulet)
HPRegen 0.18/turn               n - ring of ice
MPRegen 0.12/turn               (no ring)

@: invisible (expiring)
A: fangs 1, strong nose, distributed training
a: Renounce Religion, Potion Petition, Call Merchant, Bribe Branch


You were on level 5 of the Dungeon.
You worshipped Gozag.
Gozag was aware of your devotion.
You visited 1 branch of the dungeon, and saw 5 of its levels.

You collected 468 gold pieces.

Inventory:

Hand Weapons
 a - a +0 quarterstaff
 k - a +1 mace of draining (weapon)
 l - a +0 dagger
Armour
 b - a +2 scale mail (worn)
 d - a +0 helmet (worn)
 e - a +0 pair of gloves (worn)
Jewellery
 n - a ring of ice (left hand)
Wands
 g - a wand of flame (29)
Scrolls
 c - a scroll of blinking {unknown}
 i - 5 scrolls of identify
 j - 2 scrolls of enchant armour
 m - a scroll of silence {unknown}
 o - a scroll of enchant weapon {unknown}
 p - a scroll of fog
 q - a scroll of torment {unknown}
 r - a scroll of teleportation {unknown}
Potions
 f - a potion of invisibility
 h - a potion of curing


   Skills:
 + Level 5.1 Fighting
 + Level 2.2 Short Blades
 + Level 2.2 Long Blades
 + Level 2.2 Axes
 + Level 2.2 Maces & Flails
 + Level 2.2 Polearms
 + Level 3.4 Staves
 + Level 2.2 Slings
 + Level 2.2 Bows
 + Level 2.2 Crossbows
 + Level 2.2 Throwing
 + Level 10.7 Armour
 + Level 2.2 Dodging
 + Level 4.7 Stealth
 + Level 2.2 Shields
 + Level 2.2 Unarmed Combat
 + Level 2.2 Spellcasting
 + Level 1.8 Conjurations
 + Level 1.8 Hexes
 + Level 1.8 Summonings
 + Level 1.8 Necromancy
 + Level 1.8 Translocations
 + Level 1.8 Transmutations
 + Level 1.8 Fire Magic
 + Level 1.8 Ice Magic
 + Level 1.8 Air Magic
 + Level 1.8 Earth Magic
 + Level 1.8 Poison Magic
 + Level 2.5 Invocations
 + Level 2.2 Evocations


You had 10 spell levels left.
You didn't know any spells.
Your spell library contained the following spells:

 Spells                   Type           Power      Damage    Failure   Level
 Beastly Appendage        Tmut           10%        N/A       50%         1
 Blink                    Tloc           10%        N/A       65%         2
 Wereblood                Tmut           5%         N/A       65%         2
 Lesser Beckoning         Tloc           5%         N/A       86%         3
 Spider Form              Tmut/Pois      5%         N/A       86%         3
 Manifold Assault         Tloc           5%         N/A       100%        5


Dungeon Overview and Level Annotations

Branches:
Dungeon (5/15)             Temple (0/1) D:4

Altars:
Dithmenos
Elyvilon
Gozag
Uskayaw
Vehumet
Yredelemnul
Zin
The Shining One

Shops:
D:2 =


Innate Abilities, Weirdness & Mutations

You have very sharp teeth.
Your uncanny sense of smell can sniff out nearby items.
Your experience applies equally to all skills.


Message History

You kill the orc!
You barely miss the orc priest. Your bite misses the orc priest.
The orc priest hits you but does no damage. x2
You barely miss the orc priest.
The orc priest hits you but does no damage.
You hit the orc priest but do no damage.
The orc priest hits you with a +0 club.
You hit the orc priest but do no damage.
You drain the orc priest.
The orc priest is moderately wounded.
The orc priest hits you but does no damage. x2
You hit the orc priest but do no damage.
You drain the orc priest.
The orc priest is moderately wounded.
The orc priest hits you but does no damage.
The orc priest looks satisfied for a moment.
You closely miss the orc priest.
You bite the orc priest, but do no damage.
The orc priest is moderately wounded.
The orc priest barely misses you.
You closely miss the orc priest. Your bite misses the orc priest.
The orc priest is moderately wounded.
The orc priest mumbles some strange prayers to Beogh against you.
Beogh smites you!
The jelly quivers.
You hit the orc priest.
The orc priest is heavily wounded.
The orc priest hits you with a +0 club.
The orc priest invokes the aid of Beogh against you.
Beogh smites you!
* * * LOW HITPOINT WARNING * * *
It was a potion of invisibility.
You fade into invisibility!
The orc priest hits you with a +0 club.
* * * LOW HITPOINT WARNING * * *
You flicker for a moment.
The orc priest calls down the wrath of Beogh upon you.
Beogh smites you!
You die...
Your body crumbles into a pile of gold.

##...)......#
######.......###.##
..................# ########
######.......###..# #oo..o$J
##.....## #..# #.######
######...## #..# #.#
.....#...#####..#
####J######
#......#.....#####..........
#..........@..o.o.o.#.######
##...........######.#.#
##<..#.....## #.#.#
##.###...## #.#.. #.# #..##
#.### #(# #..# ..# #.# #..#
.## #.###..##### .
............# #.


You could see 2 orc priests and an orc.

Vanquished Creatures
  A scorpion (D:4)
  A centaur zombie (D:4)
  An orc priest (D:4)
  A bullfrog zombie (D:4)
  A hound (D:4)
  An iguana (D:4)
  A scorpion zombie (D:4)
  2 orc wizards (D:4)
  A hound zombie (D:4)
  A howler monkey zombie (D:5)
  8 adders
  An ufetubus (D:4)
  A worm (D:2)
  11 orcs
  5 bats
  2 endoplasms
  2 giant cockroaches (D:1)
  4 goblins
  4 hobgoblins
  9 jackals
  3 kobolds
  2 quokkas
  3 ball pythons
  4 frilled lizards
  7 rats
77 creatures vanquished.

Notes
Turn   | Place    | Note
-------+----------+-------------------------------------------
     0 | D:1      | Reached skill level 10 in Armour
     0 | D:1      | themarg the Gnoll Wanderer began the quest for the Orb.
     0 | D:1      | themarg set off with the following items: a +0
                  | quarterstaff, a +2 scale mail, a potion of lignification
     0 | D:1      | Reached XP level 1. HP: 20/20 MP: 1/1
    74 | D:1      | Reached XP level 2. HP: 26/26 MP: 2/2
   321 | D:1      | You fall into a shaft and drop 1 floor!
   399 | D:2      | Found Wuokil's Jewellery Shoppe.
   434 | D:2      | Reached XP level 3. HP: 31/31 MP: 3/3
   594 | D:2      | Reached skill level 1 in Invocations
   622 | D:2      | Found a faded altar of an unknown god.
   636 | D:2      | Prayed at the altar of an unknown god.
   636 | D:2      | Became a worshipper of Gozag Ym Sagoz the Greedy
   682 | D:2      | Reached skill level 1 in Short Blades
   682 | D:2      | Reached skill level 1 in Long Blades
   682 | D:2      | Reached skill level 1 in Axes
   682 | D:2      | Reached skill level 1 in Maces & Flails
   682 | D:2      | Reached skill level 1 in Polearms
   682 | D:2      | Reached skill level 1 in Slings
   682 | D:2      | Reached skill level 1 in Bows
   682 | D:2      | Reached skill level 1 in Crossbows
   682 | D:2      | Reached skill level 1 in Throwing
   682 | D:2      | Reached skill level 1 in Dodging
   682 | D:2      | Reached skill level 1 in Shields
   682 | D:2      | Reached skill level 1 in Unarmed Combat
   682 | D:2      | Reached skill level 1 in Spellcasting
   682 | D:2      | Reached skill level 1 in Evocations
   702 | D:2      | Reached XP level 4. HP: 38/38 MP: 5/5
  1142 | D:3      | Reached skill level 1 in Conjurations
  1142 | D:3      | Reached skill level 1 in Hexes
  1142 | D:3      | Reached skill level 1 in Summonings
  1142 | D:3      | Reached skill level 1 in Necromancy
  1142 | D:3      | Reached skill level 1 in Translocations
  1142 | D:3      | Reached skill level 1 in Transmutations
  1142 | D:3      | Reached skill level 1 in Fire Magic
  1142 | D:3      | Reached skill level 1 in Ice Magic
  1142 | D:3      | Reached skill level 1 in Air Magic
  1142 | D:3      | Reached skill level 1 in Earth Magic
  1142 | D:3      | Reached skill level 1 in Poison Magic
  2022 | D:3      | Found a hide-covered altar of Uskayaw.
  2259 | D:4      | Noticed a scorpion
  2336 | D:4      | Reached XP level 5. HP: 23/43 MP: 5/7
  2735 | D:4      | Reached XP level 6. HP: 16/50 MP: 8/8
  2977 | D:4      | Found a staircase to the Ecumenical Temple.
  2998 | D:4      | Reached skill level 5 in Fighting
  3236 | D:4      | Found a shadowy altar of Dithmenos.
  3236 | D:4      | Found a radiant altar of Vehumet.
  3307 | D:4      | Found a basalt altar of Yredelemnul.
  3431 | D:4      | Reached XP level 7. HP: 52/56 MP: 10/10
  3505 | D:4      | Found a glowing golden altar of the Shining One.
  3506 | D:4      | Found a white marble altar of Elyvilon.
  3507 | D:4      | Found a glowing silver altar of Zin.
  3646 | D:5      | Entered Level 5 of the Dungeon
  3848 | D:5      | Killed from afar by an orc priest

Illustrated notes

Levels and vault maps discovered:
D:1:      beargit_arrival_greenhouse, layout_rooms
D:2:      layout_rooms, serial_shops, nicolae_shop_waterfront,
          ebering_ecumenical_altar_rust
D:3:      layout_rooms, general_overflow_altar
D:4:      layout_rooms, good_gods_temple_1, mainiacjoe_overflow_large_starburst,
          nicolae_yredelemnul_corpse_copse, minmay_temple_entry_slanted
D:5:      layout_loops_ring

Skill      XL: |  1  2  3  4  5  6 |
---------------+-------------------+-----
Armour         | | 10.7
Invocations    | 1 2 |  2.5
Short Blades   | 1 2 |  2.2
Long Blades    | 1 2 |  2.2
Axes           | 1 2 |  2.2
Maces & Flails | 1 2 |  2.2
Polearms       | 1 2 |  2.2
Slings         | 1 2 |  2.2
Bows           | 1 2 |  2.2
Crossbows      | 1 2 |  2.2
Throwing       | 1 2 |  2.2
Dodging        | 1 2 |  2.2
Shields        | 1 2 |  2.2
Unarmed Combat | 1 2 |  2.2
Spellcasting   | 1 2 |  2.2
Evocations     | 1 2 |  2.2
Conjurations   | 1 |  1.8
Hexes          | 1 |  1.8
Summonings     | 1 |  1.8
Necromancy     | 1 |  1.8
Translocations | 1 |  1.8
Transmutations | 1 |  1.8
Fire Magic     | 1 |  1.8
Ice Magic      | 1 |  1.8
Air Magic      | 1 |  1.8
Earth Magic    | 1 |  1.8
Poison Magic   | 1 |  1.8
Staves         | 3 |  3.4
Fighting       | 5 |  5.1
Stealth        | |  4.7

Action                   |  1- 3 |  4- 6 |  7- 9 || total
-------------------------+-------+-------+-------++-------
Melee: Quarterstaff      |    89 |   116 |       ||   205
       Bite              |     6 |    39 |     2 ||    47
       Dagger            |       |   136 |       ||   136
       Punch             |       |     4 |     1 ||     5
       Mace              |       |   102 |    22 ||   124
  Use: Potion            |       |     4 |     1 ||     5
       Scroll            |       |     3 |       ||     3
 Stab: Sleeping          |     1 |       |       ||     1
Armor: Scale mail        |    48 |   254 |    13 ||   315
       Skin              |       |    44 |       ||    44
Dodge: Dodged            |    32 |   172 |     7 ||   211
